 Dungeon Crawl Stone Soup version 0.29.0-7-g18a832c13a (webtiles) character file.

Game seed: 3741229177091288786

108298 Ijustatesigmund the Severer (level 16, -76/232 HPs)
             Began as a Minotaur Fighter on Sept 1, 2022.
             Was the Champion of Cheibriados.
             Killed from afar by Nikola (115 damage)
             ... with an arc of chain lightning
             ... on level 1 of the Shoals.
             The game lasted 00:49:53 (26263 turns).

Ijustatesigmund the Severer (Minotaur Fighter)     Turns: 26263, Time: 00:49:53

Health: -76/232    AC: 28    Str: 48    XL:     16   Next: 2%
Magic:  15/23      EV:  2    Int: 22    God:    Cheibriados [******]
Gold:   2224       SH: 21    Dex: 24    Spells: 13/15 levels left

rFire   . . .      SeeInvis .   J - +5 broad axe (flame)
rCold   + . .      Faith    .   c - +2 tower shield {reflect}
rNeg    . . .      Spirit   .   (body armour currently unavailable)
rPois   +          Reflect  +   (helmet currently unavailable)
rElec   .          Harm     .   (cloak currently unavailable)
rCorr   .          Rampage  .   (gloves currently unavailable)
Will    +....      NoTele   +   (boots currently unavailable)
Stlth   ++........              L - amulet of regeneration
HPRegen 1.28/turn               f - +4 ring of evasion
MPRegen 0.18/turn               O - ring of Detouh {rPois rC+ EV+4 Int+3}

@: tree-form, very slow
A: stationary, stasis, torment immunity, boosted hp, (horns 2), (retaliatory
headbutt), low MP 1, strong 1
a: Renounce Religion, Bend Time, Temporal Distortion, Slouch, Step From Time


You were on level 1 of the Shoals.
You worshipped Cheibriados.
Cheibriados was exalted by your worship.
You were a tree.
You visited 4 branches of the dungeon, and saw 23 of its levels.
You visited the Abyss 1 time.
You also visited: Volcano.

You collected 2621 gold pieces.
You spent 397 gold pieces at shops.

Inventory:

Hand Weapons
 a - a +4 war axe
 j - a +0 morningstar
 J - a +5 broad axe of flaming (weapon)
Missiles
 v - 6 throwing nets (quivered)
Armour
 b - +1 storm dragon scales (melded)
 c - a +2 tower shield of reflection (worn)
 o - a +1 cloak (melded)
 y - a +2 hat of see invisible (melded)
 G - a +2 buckler
 Q - a +2 pair of gloves (melded)
 W - a +4 plate armour of fire resistance
 Z - a scarf of resistance
Jewellery
 f - a +4 ring of evasion (left branch)
 h - a ring of fire
 r - an amulet of reflection
 w - a ring of protection from fire
 D - a +4 ring of protection
 I - a ring of positive energy
 L - an amulet of regeneration (around neck)
 O - the ring of Detouh (right branch) {rPois rC+ EV+4 Int+3}
   (You found it on level 14 of the Dungeon)

   [ring of evasion]

   EV:        It affects your evasion (+4).
   Int:       It affects your intelligence (+3).
   rC:        It protects you from cold.
   rPois:     It protects you from poison.
 T - a ring of positive energy
 U - a ring of see invisible
 X - a +4 ring of slaying
 Y - a +6 ring of intelligence
Wands
 m - a wand of digging (5)
 t - a wand of mindburst (14)
 u - a wand of paralysis (9)
 x - a wand of flame (48)
 B - a wand of polymorph (9)
 C - a wand of roots (6)
 H - a wand of light (3)
Scrolls
 k - 5 scrolls of teleportation
 M - 2 scrolls of butterflies
 N - 3 scrolls of poison
 P - a scroll of immolation
 R - a scroll of identify
 S - a scroll of amnesia
Potions
 d - 4 potions of might
 e - 3 potions of resistance
 g - 2 potions of invisibility
 i - 11 potions of curing
 n - 3 potions of lignification
 p - 8 potions of mutation
 q - 3 potions of brilliance
 s - 3 potions of attraction
 z - 2 potions of magic
 A - 3 potions of flight
 E - 3 potions of ambrosia
 F - 8 potions of haste
 K - 2 potions of berserk rage
 V - a potion of cancellation


   Skills:
 - Level 17.0 Fighting
 + Level 17.2 Axes
 - Level 11.5 Armour
 + Level 7.0 Dodging
 - Level 10.9 Shields
 + Level 0.9 Translocations
 + Level 15.2 Invocations
 - Level 5.1 Evocations


You had 13 spell levels left.
You knew the following spells:

 Your Spells              Type           Power      Damage    Failure   Level
a - Blink                 Tloc           8%         N/A       67%         2

Your spell library contained the following spells:

 Spells                   Type           Power      Damage    Failure   Level
 Apportation              Tloc           8%         N/A       54%         1
 Magic Dart               Conj           0%         1d3       67%         1
 Necrotise                Necr           0%         1d4       67%         1
 Sandblast                Erth           0%         2d4       67%         1
 Slow                     Hex            0%         N/A       67%         1
 Summon Small Mammal      Summ           0%         N/A       67%         1
 Passwall                 Tmut/Erth      0%         N/A       80%         2
 Searing Ray              Conj           0%         2d4       80%         2
 Sublimation of Blood     Necr           0%         N/A       80%         2
 Gell's Gravitas          Tloc           4%         N/A       88%         3
 Lesser Beckoning         Tloc           4%         N/A       88%         3
 Teleport Other           Tloc           4%         N/A       88%         3
 Confusing Touch          Hex            0%         N/A       95%         3
 Conjure Flame            Conj/Fire      0%         6-21      95%         3
 Ignite Poison            Fire/Tmut/Pois 0%         N/A       95%         3
 Stone Arrow              Conj/Erth      0%         3d7       95%         3
 Tukima's Dance           Hex            0%         N/A       95%         3
 Vampiric Draining        Necr           0%         2d6       95%         3
 Passage of Golubria      Tloc           4%         N/A       99%         4
 Fulminant Prism          Conj/Hex       0%         3d6       100%        4
 Iskenderun's Mystic Bla  Conj/Tloc      2%         2d3       100%        4
 Petrify                  Tmut/Erth      0%         N/A       100%        4
 Sticky Flame             Conj/Fire      0%         2d3       100%        4
 Agony                    Necr           0%         N/A       100%        5
 Freezing Cloud           Conj/Ice/Air   0%         6-21      100%        5
 Irradiate                Conj/Tmut      0%         3d11      100%        5
 Manifold Assault         Tloc           4%         N/A       100%        5
 Yara's Violent Unravell  Hex/Tmut       0%         3d3       100%        5
 Simulacrum               Ice/Necr       0%         N/A       100%        6
 Malign Gateway           Summ/Tloc      1%         N/A       100%        7
 Polar Vortex             Ice            0%         N/A       100%        9


Dungeon Overview and Level Annotations

Branches:
Dungeon (15/15)            Temple (0/1) D:4            Lair (5/5) D:9
 Shoals (1/4) Lair:3       Spider (0/4) Lair:2        Slime (0/5) Lair:4
    Orc (2/2) D:9             Elf (0/3) Orc:2        Vaults (0/5) D:14
 Depths (0/4) D:15        Volcano (visited)

Altars:
Ashenzari
Cheibriados
Dithmenos
Gozag
Hepliaklqana
Makhleb
Nemelex Xobeh
Okawaru
Sif Muna
Trog
Vehumet
Xom
Yredelemnul
Zin
The Shining One
Jiyva

Shops:
D:3 [*   D:4 (   D:12 :   Orc:1 =   Orc:2 [(!!?   Shoals:1 (

Portals:
Hell: Lair:5

Annotations:
D:15 2 transporters, Bananafolds's ghost, adept NaVM
Shoals:1 3 runed translucent doors, Nikola


Innate Abilities, Weirdness & Mutations

You are a tree.
Your roots penetrate the ground, keeping you stationary.
You cannot be teleported.
You are immune to unholy pain and torment.
Your maximum health is greatly increased.
Your equipment is partially melded.
((You have a pair of horns on your head.))
((You reflexively headbutt those who attack you in melee.))
Your magical capacity is low. (-10% MP)
Your muscles are strong. (Str +4, Int/Dex -1)


Message History

Nikola points at you and mumbles some strange words.
The bolt of lightning misses you.
You feel much better.
Nikola hits you with a +3 rapier of electrocution.
Really quaff the potion of lignification?
You turn into a tree.
Your +1 cloak melds into your body.
Your +2 hat of see invisible melds into your body.
Your +2 pair of gloves melds into your body.
Your +1 storm dragon scales melds into your body.
You feel less perceptive.
Your roots penetrate the ground.
Nikola points at you and mumbles some strange words.
The bolt of lightning hits you!!
* * * LOW HITPOINT WARNING * * *
You slice Nikola!! You burn Nikola!
Nikola is moderately wounded.
Nikola hits you with a +3 rapier of electrocution.
* * * LOW HITPOINT WARNING * * *
You slice Nikola!! You burn Nikola!
Nikola is heavily wounded.
Nikola splashes around in the water.
You barely miss Nikola.
Nikola is heavily wounded.
You block Nikola's attack.
You hit Nikola. You burn Nikola.
Nikola is heavily wounded.
Nikola casts a spell.
Lightning arcs from Nikola's hands!
The bolt of lightning hits you!!!
* * * LOW HITPOINT WARNING * * *
A bolt of lightning appears from out of thin air!
The bolt of lightning hits Nikola!
You hear a shout!
You feel much better.
Nikola hits you with a +3 rapier of electrocution!
* * * LOW HITPOINT WARNING * * *
You are electrocuted!
* * * LOW HITPOINT WARNING * * *
You feel much better.
Nikola mumbles some strange words.
Lightning arcs from Nikola's hands!
The bolt of lightning hits you!!!!
You die...

~.....~≈≈≈~~~~.........
~~P.....~~~~~~~.#######.
~P.###...~≈≈~~..###.####
~..##..÷~~≈≈~~~~.....###
~~~~~~~~~~~~~~~~~~~.###.
~~..~~~~~~~~~~~~~~~..#.≈
~~~~~~P~~~≈≈≈~~~~~......
~~~~~P~~~~≈≈≈≈~~~~~.....
~~~~~~~♣@~≈≈≈≈≈≈~~≈≈~.~~
~~~~~~~÷~~~~≈≈≈≈~~~≈~~~~
#.......~~~~≈≈≈≈≈~~~~~~~
#........~~~≈≈≈≈≈≈≈~≈~~~
+........~~~≈≈≈≈≈≈≈≈≈≈~~
+.........~~≈≈≈≈≈≈≈≈≈≈~~
+.........~~≈≈≈≈≈≈≈≈≈≈~~
#.....!..$.~~≈≈≈≈~~~~~~~
~~~~~~


You could see Nikola.

Vanquished Creatures
  Gastronok (D:10)
  3 tentacled starspawn (Abyss:2)
  A dire elephant (Lair:5)
  Josephine (D:15)
  Harold (Lair:2)
  The ghost of Qihugg the Corrupter of Planes, a journeyman DsAK of Lugonu (Orc:2)
  10 hydras
  2 centaur warriors
  3 vault guards (D:14)
  3 boulder beetles
  2 ogre magi (Orc:2)
  The ghost of brob1 the Cleaver, a novice MiBe of Trog (D:10)
  13 two-headed ogres
  2 catoblepae
  A naga warrior (D:15)
  A death knight (D:14)
  A thrashing horror (Abyss:2)
  A hell knight (Volcano)
  The ghost of RogerS the Chopper, a novice MiBe of Trog (D:7)
  A sun demon (Lair:5)
  Sonja (Lair:4)
  A salamander mystic (Volcano)
  A wretched star (Abyss:2)
  2 skeletal warriors (D:14)
  A sea snake (Shoals:1)
  4 large abominations (Abyss:2)
  2 deep trolls (Orc:2)
  A glowing orange brain (Abyss:2)
  4 wizards
  5 necromancers
  3 deep elf pyromancers
  A deep elf archer (D:14)
  3 orc knights
  10 cyclopes
  A faun (Shoals:1)
  8 ugly things
  4 salamanders (Volcano)
  2 orc sorcerers
  2 manticores
  An elephant (Lair:5)
  2 centaur zombies (D:15)
  A merfolk siren (Shoals:1)
  A smoke demon (Abyss:2)
  3 molten gargoyles
  6 black mambas
  4 gargoyles
  A torpor snail (Lair:1)
  2 unseen horrors
  An orange demon (Lair:5)
  An efreet (Volcano)
  15 cane toads
  3 kobold demonologists
  2 rime drakes
  A komodo dragon (shapeshifter) (D:14)
  A yaktaur (D:15)
  A freezing wraith (D:14)
  A hellwing (Lair:5)
  10 komodo dragons
  2 ice devils (Lair:5)
  2 red devils (Lair:5)
  3 merfolk
  2 polar bears
  13 trolls
  A queen bee (D:10)
  4 hornets
  A wolf spider simulacrum (D:15)
  18 blink frogs
  7 dream sheep (Lair:5)
  A jumping spider (Lair:2)
  2 snapping turtles (Shoals:1)
  A vampire (D:15)
  A jumping spider (shapeshifter) (D:14)
  10 wraiths
  5 culicivoras (Lair:2)
  4 shadows
  6 wyverns
  32 yaks
  16 humans (D:14)
  4 neqoxecs (Orc:2)
  2 redbacks (Lair:2)
  8 vampire mosquitoes
  7 basilisks
  2 chaos spawn (Abyss:2)
  3 wargs
  Edmund (D:6)
  An acid dragon (D:10)
  16 water moccasins
  A black bear (D:8)
  5 hell hounds (Lair:5)
  2 ice beasts
  16 orc warriors
  3 sky beasts
  22 ogres
  A hornet zombie (D:15)
  15 wolves
  10 centaurs
  Blork the orc (D:6)
  2 kobold brigands
  16 bullfrogs
  2 necrophages
  3 gnoll sergeants
  2 scorpions
  A wight (D:8)
  16 killer bees
  An electric eel (Lair:3)
  3 howler monkeys
  A crimson imp (D:4)
  3 quasits (Orc:2)
  2 hounds
  Crazy Yiuf (D:2)
  A gnoll bouda (D:7)
  3 jellies
  7 orc priests
  2 iguanas (D:5)
  Jessica (D:2)
  22 orc wizards
  3 small abominations (Abyss:2)
  6 adders
  20 gnolls
  3 shadow imps
  4 white imps
  A howler monkey simulacrum (D:11)
  An ufetubus (D:7)
  2 worms
  A dart slug (D:2)
  71 orcs
  9 ball pythons
  5 bats (D:1)
  7 endoplasms
  5 giant cockroaches
  5 goblins
  9 hobgoblins
  9 jackals
  18 kobolds
  2 quokkas
  6 frilled lizards
  2 goblin skeletons (D:4)
  3 goblin zombies (D:4)
  3 hobgoblin zombies (D:4)
  A kobold zombie (D:4)
  3 orc skeletons (D:4)
  2 orc zombies (D:4)
  4 rats
  A lurking horror (Abyss:2)
  3 starspawn tentacles (Abyss:2)
712 creatures vanquished.

Vanquished Creatures (others)
  A wizard (D:3)
  33 fungi
  26 plants
  4 starspawn tentacles (Abyss:2)
64 creatures vanquished.

Grand Total: 776 creatures vanquished

Notes
Turn   | Place    | Note
-------+----------+-------------------------------------------
     0 | D:1      | Ijustatesigmund the Minotaur Fighter began the quest for
                  | the Orb.
     0 | D:1      | Reached XP level 1. HP: 19/19 MP: 0/0
   257 | D:1      | Reached XP level 2. HP: 26/27 MP: 1/1
   711 | D:1      | Reached XP level 3. HP: 34/34 MP: 2/2
  1056 | D:2      | Noticed Jessica
  1059 | D:2      | Killed Jessica
  1060 | D:2      | Reached XP level 4. HP: 41/41 MP: 3/3
  1117 | D:2      | Found a runed translucent door.
  1118 | D:2      | Noticed Crazy Yiuf
  1126 | D:2      | Killed Crazy Yiuf
  1127 | D:2      | Reached skill level 5 in Fighting
  1353 | D:2      | Found a faded altar of an unknown god.
  1661 | D:3      | Found Jity Tuh's General Store.
  1762 | D:3      | Found an opulent altar of Gozag.
  1893 | D:3      | Reached XP level 5. HP: 44/48 MP: 4/4
  1935 | D:3      | Found an iron altar of Okawaru.
  2025 | D:3      | Noticed an ogre
  2028 | D:3      | Killed an ogre
  2029 | D:3      | Reached skill level 5 in Axes
  2279 | D:3      | Found a faded altar of an unknown god.
  2282 | D:3      | Found a sparkling altar of Nemelex Xobeh.
  2337 | D:3      | Found a burning altar of Makhleb.
  2344 | D:3      | Found a glowing silver altar of Zin.
  2344 | D:3      | Noticed an angel
  2345 | D:3      | Noticed a blizzard demon
  2358 | D:3      | Found Veixkoif's Armour Boutique.
  2402 | D:3      | Found a bloodstained altar of Trog.
  2404 | D:3      | Noticed a wizard
  2410 | D:3      | Killed a wizard
  2576 | D:3      | Reached XP level 6. HP: 45/57 MP: 5/5
  3155 | D:4      | Reached skill level 5 in Armour
  3369 | D:4      | Found a staircase to the Ecumenical Temple.
  3691 | D:4      | Found a shimmering blue altar of Sif Muna.
  3720 | D:4      | Reached XP level 7. HP: 57/64 MP: 6/6
  3783 | D:4      | Found a glowing golden altar of the Shining One.
  3959 | D:4      | Found Ytaeneam's Antique Weapon Shoppe.
  4020 | D:5      | Entered Level 5 of the Dungeon
  4234 | D:5      | Found a shadowy altar of Dithmenos.
  4312 | D:5      | Reached skill level 1 in Dodging
  4837 | D:6      | Found a snail-covered altar of Cheibriados.
  4852 | D:6      | Reached XP level 8. HP: 74/74 MP: 7/7
  4860 | D:6      | Became a worshipper of Cheibriados the Contemplative
  4911 | D:6      | Noticed Edmund
  4928 | D:6      | Killed Edmund
  4929 | D:6      | Reached skill level 1 in Invocations
  5060 | D:6      | Noticed Blork the orc
  5069 | D:6      | Killed Blork the orc
  5533 | D:7      | Reached * piety under Cheibriados
  5654 | D:7      | Noticed a cyclops
  5655 | D:7      | Noticed RogerS's ghost (novice MiBe)
  5655 | D:7      | Noticed an eight-headed hydra
  5840 | D:7      | Reached XP level 9. HP: 38/83 MP: 10/10
  5841 | D:7      | Reached skill level 5 in Dodging
  6145 | D:7      | Found a transporter.
  6160 | D:7      | Found a transporter.
  6874 | D:8      | Noticed a kobold demonologist
  6893 | D:8      | Noticed a sixfirhy
  6906 | D:8      | Noticed a hellwing
  6906 | D:8      | Noticed a hellwing
  6906 | D:8      | Killed a kobold demonologist
  6916 | D:8      | Reached skill level 10 in Fighting
  6916 | D:8      | Reached skill level 5 in Invocations
  7139 | D:8      | Reached ** piety under Cheibriados
  7155 | D:8      | Noticed a manticore
  7159 | D:8      | Killed a manticore
  7160 | D:8      | Reached XP level 10. HP: 88/93 MP: 11/13
  7256 | D:8      | Found a shimmering altar of Xom.
  7276 | D:8      | Reached skill level 10 in Axes
  7705 | D:8      | Noticed a two-headed ogre
  7714 | D:8      | Killed a two-headed ogre
  8084 | D:8      | Found a broken altar of Ashenzari.
  8140 | D:8      | Paralysed by a hornet for 3 turns
  8641 | D:9      | Paralysed by a hornet for 3 turns
  9164 | D:9      | Noticed a two-headed ogre
  9174 | D:9      | Killed a two-headed ogre
  9386 | D:9      | Reached XP level 11. HP: 74/102 MP: 14/14
  9525 | D:9      | Reached skill level 5 in Evocations
  9543 | D:9      | Reached *** piety under Cheibriados
  9889 | D:9      | Found a staircase to the Orcish Mines.
  9932 | D:9      | Found a staircase to the Lair.
  9974 | D:9      | Found a basalt altar of Yredelemnul.
  9979 | D:9      | Found a radiant altar of Vehumet.
 10151 | D:10     | Entered Level 10 of the Dungeon
 10172 | D:10     | Noticed Gastronok
 10186 | D:10     | Killed Gastronok
 10331 | D:10     | Found a transporter.
 10336 | D:10     | Found a transporter.
 10336 | D:10     | Noticed brob1's ghost (novice MiBe)
 10952 | D:10     | Reached **** piety under Cheibriados
 10963 | D:10     | Found a hazy altar of Hepliaklqana.
 11236 | D:11     | Noticed a two-headed ogre
 11242 | D:11     | Killed a two-headed ogre
 11826 | D:11     | Reached ***** piety under Cheibriados
 11873 | D:11     | Noticed a two-headed ogre
 11880 | D:11     | Killed a two-headed ogre
 11909 | D:11     | Noticed a deep elf pyromancer
 11951 | D:11     | Noticed a sun demon
 11957 | D:11     | Killed a deep elf pyromancer
 11958 | D:11     | Reached XP level 12. HP: 58/113 MP: 11/17
 12315 | D:11     | Noticed a four-headed hydra
 12323 | D:11     | Killed a four-headed hydra
 12496 | D:12     | Noticed a boulder beetle
 12526 | D:12     | Killed a boulder beetle
 12682 | D:12     | Found Dielaygrigg's Book Boutique.
 13564 | D:13     | Reached skill level 10 in Armour
 13641 | D:13     | Noticed a boulder beetle
 13656 | D:13     | Killed a boulder beetle
 13921 | D:13     | Noticed a catoblepas
 13930 | D:13     | Killed a catoblepas
 14278 | D:14     | Noticed a death knight
 14281 | D:14     | Noticed a centaur warrior
 14290 | D:14     | Killed a death knight
 14305 | D:14     | Killed a centaur warrior
 14681 | D:14     | Reached XP level 13. HP: 120/123 MP: 19/19
 14703 | D:14     | Found a gate to the Vaults.
 14711 | D:14     | Reached skill level 10 in Invocations
 15033 | D:14     | Identified the ring of Detouh {rPois rC+ EV+4 Int+3}
 16100 | D:15     | Entered Level 15 of the Dungeon
 16159 | D:15     | Reached skill level 5 in Shields
 16388 | D:15     | Paralysed by a vampire for 5 turns
 16445 | D:15     | Found a hazy altar of Hepliaklqana.
 16447 | D:15     | Found a faded altar of an unknown god.
 16849 | D:15     | HP: 4/124 [naga warrior/+2 broad axe of flaming (6)]
 17389 | D:15     | Noticed Josephine
 17400 | D:15     | Killed Josephine
 17459 | D:15     | Found a transporter.
 17459 | D:15     | Found a transporter.
 17460 | D:15     | Noticed Bananafolds's ghost (adept NaVM)
 17460 | D:15     | Noticed a fire giant
 17460 | D:15     | Noticed an ettin
 17461 | D:15     | Identified the +7 great mace of Greed {flame, rF++ rC-
                  | Str+2}
 17461 | D:15     | Noticed a fire giant
 17590 | Abyss:2  | Cast into level 2 of the Abyss (a wizard)
 17609 | Abyss:2  | Noticed a tentacled starspawn
 17616 | Abyss:2  | Killed a tentacled starspawn
 17728 | Abyss:2  | HP: 1/86 [large abomination (18)]
 17801 | Abyss:2  | Noticed a starcursed mass
 18093 | Abyss:2  | Noticed a tentacled starspawn
 18095 | Abyss:2  | Noticed a tentacled starspawn
 18101 | Abyss:2  | Killed a tentacled starspawn
 18106 | Abyss:2  | Killed a tentacled starspawn
 18107 | Abyss:2  | Reached XP level 14. HP: 45/105 MP: 22/22
 18109 | D:15     | Escaped the Abyss
 18496 | D:15     | Found a staircase to the Depths.
 19241 | D:7      | Killed RogerS's ghost
 19416 | D:10     | Killed brob1's ghost
 19417 | D:10     | Reached skill level 10 in Shields
 19510 | D:10     | Got the Essays on Elliptic Spelunking
 19827 | Lair:1   | Entered Level 1 of the Lair of Beasts
 20665 | Lair:2   | Found a hole to the Spider Nest.
 20943 | Lair:2   | Noticed Harold
 20955 | Lair:2   | Killed Harold
 20958 | Lair:2   | Reached ****** piety under Cheibriados
 21488 | Lair:3   | Reached skill level 15 in Fighting
 21935 | Lair:3   | Found a staircase to the Shoals.
 22234 | Lair:4   | Noticed Sonja
 22241 | Lair:4   | Killed Sonja
 23025 | Lair:4   | Found a staircase to the Slime Pits.
 23026 | Lair:4   | Found a viscous altar of Jiyva.
 23219 | Lair:5   | Entered Level 5 of the Lair of Beasts
 23238 | Lair:5   | Reached XP level 15. HP: 145/145 MP: 23/23
 23492 | Lair:5   | Reached skill level 15 in Axes
 24096 | Lair:5   | Found a burning altar of Makhleb.
 24139 | Lair:5   | Found a gateway to Hell.
 24372 | Orc:1    | Entered Level 1 of the Orcish Mines
 24620 | Orc:2    | Entered Level 2 of the Orcish Mines
 24625 | Orc:2    | Found a dark tunnel.
 24644 | Volcano  | Entered a volcano
 24772 | Volcano  | Noticed an orb of fire
 24828 | Volcano  | Noticed an orb of fire
 25082 | Orc:2    | Found Juysidinoch's Magic Scroll Shoppe.
 25104 | Orc:1    | Found Dixzerei's Jewellery Shop.
 25330 | Orc:2    | Found a transporter.
 25337 | Orc:2    | Found Xionaf's Distillery.
 25337 | Orc:2    | Found Wodwas's Distillery.
 25363 | Orc:2    | Reached skill level 15 in Invocations
 25371 | Orc:2    | Paralysed by an ogre mage for 4 turns
 25533 | Orc:2    | Found a bloodstained altar of Trog.
 25540 | Orc:2    | Noticed Qihugg's ghost (journeyman DsAK)
 25545 | Orc:2    | Found Fiucurif's Antique Weapon Shoppe.
 25549 | Orc:2    | Learned a level 2 spell: Blink
 25551 | Orc:2    | Bought a potion of heal wounds for 50 gold pieces
 25551 | Orc:2    | Bought a potion of mutation for 80 gold pieces
 25551 | Orc:2    | Bought a potion of mutation for 80 gold pieces
 25551 | Orc:2    | Bought a potion of heal wounds for 50 gold pieces
 25556 | Orc:2    | Bought a potion of heal wounds for 65 gold pieces
 25563 | Orc:2    | Found Soxed's Armour Boutique.
 25672 | Orc:2    | Found a staircase to the Elven Halls.
 25750 | Orc:2    | Found a transporter.
 25771 | Orc:2    | Bought a scroll of teleportation for 36 gold pieces
 25771 | Orc:2    | Bought a scroll of teleportation for 36 gold pieces
 25941 | Orc:2    | Gained mutation: You sometimes lose your temper in combat.
                  | [a neqoxec]
 25951 | Orc:2    | Killed Qihugg's ghost
 25982 | Orc:2    | Lost mutation: You sometimes lose your temper in combat.
                  | [potion of mutation]
 25982 | Orc:2    | Gained mutation: You have a pair of large horns on your
                  | head. [potion of mutation]
 25982 | Orc:2    | Gained mutation: You are resistant to electric shocks.
                  | (rElec) [potion of mutation]
 25982 | Orc:2    | Gained mutation: You are partially covered in iridescent
                  | scales. (AC +2) [potion of mutation]
 25983 | Orc:2    | Lost mutation: You are resistant to electric shocks.
                  | (rElec) [potion of mutation]
 25983 | Orc:2    | Lost mutation: You are partially covered in iridescent
                  | scales. (AC +2) [potion of mutation]
 25983 | Orc:2    | Lost mutation: You have a pair of large horns on your head.
                  | [potion of mutation]
 25983 | Orc:2    | Gained mutation: You are agile. (Dex +4, Str/Int -1)
                  | [potion of mutation]
 25983 | Orc:2    | Gained mutation: You are partially covered in iridescent
                  | scales. (AC +2) [potion of mutation]
 25984 | Orc:2    | Lost mutation: You are partially covered in iridescent
                  | scales. (AC +2) [potion of mutation]
 25984 | Orc:2    | Lost mutation: You are agile. (Dex +4, Str/Int -1) [potion
                  | of mutation]
 25984 | Orc:2    | Gained mutation: You are frail. (-10% HP) [potion of
                  | mutation]
 25984 | Orc:2    | Gained mutation: A frigid envelope surrounds you and
                  | freezes all who hurt you. [potion of mutation]
 25984 | Orc:2    | Gained mutation: You have hidden genetic defects. [potion
                  | of mutation]
 25985 | Orc:2    | Lost mutation: A frigid envelope surrounds you and freezes
                  | all who hurt you. [potion of mutation]
 25985 | Orc:2    | Lost mutation: You have hidden genetic defects. [potion of
                  | mutation]
 25985 | Orc:2    | Lost mutation: You are frail. (-10% HP) [potion of
                  | mutation]
 25985 | Orc:2    | Gained mutation: You are dopey. (Int -2) [potion of
                  | mutation]
 25985 | Orc:2    | Gained mutation: You have large cloven feet. [potion of
                  | mutation]
 25986 | Orc:2    | Lost mutation: You have large cloven feet. [potion of
                  | mutation]
 25986 | Orc:2    | Lost mutation: You are dopey. (Int -2) [potion of mutation]
 25986 | Orc:2    | Gained mutation: Your muscles are strong. (Str +4, Int/Dex
                  | -1) [potion of mutation]
 25986 | Orc:2    | Gained mutation: Your magical capacity is low. (-10% MP)
                  | [potion of mutation]
 26123 | Shoals:1 | Entered Level 1 of the Shoals
 26150 | Shoals:1 | Found Irock's Weapon Boutique.
 26164 | Shoals:1 | Reached XP level 16. HP: 155/155 MP: 23/23
 26245 | Shoals:1 | Noticed Nikola
 26248 | Shoals:1 | Found a runed translucent gate.
 26249 | Shoals:1 | Found a runed translucent gate.
 26250 | Shoals:1 | Found a runed translucent gate.
 26261 | Shoals:1 | HP: 8/232 [Nikola/arc of chain lightning (41)]
 26263 | Shoals:1 | Killed from afar by Nikola

Illustrated notes

Levels and vault maps discovered:
D:1:      dpeg_arrival_chambers_temple_mockup, layout_basic
D:2:      layout_loops_ring, ebering_ecumenical_altar_box, uniq_jessica,
          uniq_crazy_yiuf_cottage
D:3:      layout_basic, grunt_temple_overflow_order_and_chaos_2,
          nicolae_overflow_ecumenical_swirl, trog_wizard,
          grunt_gozag_breadcrumbs, okawaru_ov_weapons_minmay, serial_shops,
          shop, nicolae_shop_competitors_out_of_business, minmay_close_crescents
D:4:      layout_cave_pools, nicolae_sif_muna_little_library,
          nicolae_tso_besieged_by_evil, minmay_temple_entry_ruins, serial_shops,
          nicolae_shop_behind_doors, minmay_fractal_squares_gapless_5
D:5:      layout_loops_cross, nicolae_dithmenos_through_a_glass_darkly
D:6:      layout_rooms, mainiacjoe_overflow_chevrons, kennysheep_flooded_box,
          water_maze_lemuel, uniq_edmund, uniq_blork_the_orc
D:7:      layout_layer_cave, gammafunk_ghost_arena
D:8:      cheibrodos_fzero, layout_basic, xom_teletrap_fun,
          nicolae_ashenzari_panopticon, hangedman_minor_gate_pass
D:9:      layout_cave_pools, minitemple, lair_entry_dummy, hiddenorc1_lemuel
D:10:     layout_irregular_city, nicolae_overflow_hidden_temple,
          gammafunk_ghost_hive, uniq_gastronok
D:11:     minmay_clustersquares, layout_loops_ring,
          chequers_serial_rivers_micro_a
D:12:     layout_loops_ring, portal_ice_cave_entry_pillars_2, serial_shops,
          nicolae_lakefront_shop
D:13:     layout_loops_cross
D:14:     layout_loops_ring, grunt_vaults_entry_tiered, grunt_decor_junction
D:15:     grunt_enter_depths_magical_seal, layout_irregular_city,
          minmay_misc_feat_cross, gammafunk_ghost_smash, chequers_mini_garden,
          beargit_hepliaklqana_dungeon_heroes, uniq_josephine
Lair:1:   layout_loops_ring, grunt_megastairs_1
Lair:2:   layout_regular_city, nicolae_spider_entry_tight_spaces,
          beast_lair_carwin_9, uniq_harold
Lair:3:   layout_roguey, elwin_shoals_entry_rooms
Lair:4:   layout_regular_city, slime_entry_1, uniq_sonja
Lair:5:   evil_forest, layout_regular_city, serial_bayou_shore_b,
          grunt_megastairs_3
Shoals:1: layout_shoals, serial_shops, shop_fountains, ebering_ghost_gozag,
          nicolae_shoals_spring_well_temple, uniq_nikola
Orc:1:    nicolae_orc_accident_2, layout_caves, basic_altar, serial_shops,
          nicolae_shop_advertising_works [nicolae_subvault_shop_adworks]
Orc:2:    st_orc_open, layout_caves, nicolae_volcano_entry_lava_flow,
          serial_shops, shop_statue, basic_altar, gammafunk_ghost_stat_death

Skill      XL: |  1  2  3  4  5  6  7  8  9 10 11 12 13 14 15 16 |
---------------+-------------------------------------------------+-----
Fighting       | 4 5 6 7 9 10 11 12 13 14 16 17 | 17.0
Axes           | 3 4 5 6 7 8 9 10 12 13 14 17 | 17.2
Armour         | 4 5 6 9 11 | 11.5
Dodging        | 2 4 6 7 |  7.0
Invocations    | 3 5 6 8 9 12 13 15 | 15.2
Evocations     | 4 5 |  5.1
Shields        | 9 10 | 10.9
Translocations | |  0.9

Action                   |  1- 3 |  4- 6 |  7- 9 | 10-12 | 13-15 | 16-18 || total
-------------------------+-------+-------+-------+-------+-------+-------++-------
Melee: War axe           |    57 |   126 |   215 |   435 |   209 |       ||  1042
       Headbutt          |     8 |    17 |    37 |    84 |   208 |     2 ||   356
       Morningstar       |       |       |       |     5 |     6 |       ||    11
       Broad axe         |       |       |       |       |   560 |     9 ||   569
Invok: Slouch            |       |       |       |     1 |     5 |       ||     6
       Step From Time    |       |       |       |       |     2 |     1 ||     3
       Bend Time         |       |       |       |       |     1 |       ||     1
Evoke: Wand              |       |       |       |     9 |     5 |       ||    14
  Use: Scroll            |       |    10 |     5 |    10 |    17 |       ||    42
       Potion            |       |       |     2 |     2 |    19 |     6 ||    29
 Stab: Invisible         |       |       |       |       |     1 |       ||     1
Armor: Scale mail        |    18 |       |       |       |       |       ||    18
       Chain mail        |       |    43 |    73 |    24 |       |       ||   140
       Storm dragon scal |       |       |       |   117 |   186 |       ||   303
       Plate armour      |       |       |       |       |    47 |       ||    47
Dodge: Dodged            |    40 |    57 |   126 |   293 |   446 |     4 ||   966
Block: Buckler           |    15 |    70 |    98 |   274 |   119 |       ||   576
       Reflection        |       |       |     7 |    10 |    45 |       ||    62
       Tower shield      |       |       |       |       |   638 |     7 ||   645
